 Dungeon Crawl Stone Soup version 0.19.1-1-g22dce08 (webtiles) character file.

935 pib the Slasher (level 7, -3/61 HPs)
             Began as a Minotaur Gladiator on Jan 7, 2017.
             Was an Initiate of Okawaru.
             Slain by Ladykiller69's ghost (13 damage)
             ... on level 6 of the Dungeon on Jan 10, 2017.
             The game lasted 00:12:21 (4216 turns).

pib the Slasher (Minotaur Gladiator)                Turns: 4216, Time: 00:12:21

Health: -3/61      AC:  6    Str: 19    XL:     7   Next: 87%
Magic:  6/6        EV: 15    Int:  5    God:    Okawaru [......]
Gold:   232        SH:  0    Dex: 13    Spells: 0 memorised, 6 levels left

rFire  . . .     SeeInvis .     a - +0 long sword
rCold  . . .     Gourm    .     b - +0 leather armour
rNeg   + . .     Faith    .     (no shield)
rPois  .         Spirit   .     c - +0 hat
rElec  .         Reflect  .     e - +0 cloak
rCorr  .         Harm     .     (no gloves)
MR     .....                    y - +0 pair of boots
Stlth  +.........               (no amulet)
                                r - ring of flight
                                p - ring of positive energy

@: about to teleport
A: retaliatory headbutt, horns 2
a: Renounce Religion, Evoke Flight


You were on level 6 of the Dungeon.
You worshipped Okawaru.
Okawaru was noncommittal.
You were not hungry.

You visited 2 branches of the dungeon, and saw 7 of its levels.

You collected 232 gold pieces.

Inventory:

Hand Weapons
 a - a +0 long sword (weapon)
 x - a +0 shortbow
 F - a +0 falchion
Missiles
 d - 3 throwing nets (quivered)
 G - 17 arrows
Armour
 b - a +0 leather armour (worn)
 c - a +0 hat (worn)
 e - a +0 cloak (worn)
 y - a +0 pair of boots (worn)
Magical Staves
 E - an uncursed staff of fire
Jewellery
 p - a ring of positive energy (left hand)
 r - a ring of flight (right hand)
Wands
 H - a wand of flame (21/48)
Scrolls
 g - a scroll of noise {unknown}
 j - a scroll of magic mapping {unknown}
 m - a scroll of amnesia {unknown}
 n - a scroll of enchant weapon {unknown}
 o - 2 scrolls of teleportation
 q - a scroll of fear
 t - 4 scrolls of remove curse {unknown}
 u - 3 scrolls of enchant armour {unknown}
 v - 4 scrolls of identify
 A - a scroll of immolation {unknown}
Potions
 h - a potion of heal wounds {unknown}
 i - a potion of lignification {unknown}
 l - a potion of might {unknown}
 s - a potion of flight {unknown}
 w - 2 potions of ambrosia
 B - a potion of cancellation {unknown}
Books
 z - a book of Debilitation

   Spells                             Type                      Level
   a - Corona                         Hexes                        1
   b - Slow                           Hexes                        2
   c - Gell's Gravitas                Hexes/Translocation          3
   d - Inner Flame                    Hexes/Fire                   3
   e - Cause Fear                     Hexes                        4
   f - Leda's Liquefaction            Hexes/Earth                  4
Comestibles
 f - 7 bread rations
 k - 4 beef jerkies
 C - 2 slices of pizza
 D - 5 chunks of flesh
 I - a meat ration


   Skills:
 + Level 5.6 Fighting
 + Level 6.6 Long Blades
 - Level 2.0 Throwing
 + Level 5.1 Armour
 + Level 5.9 Dodging


You had 6 spell levels left.
You didn't know any spells.

Dungeon Overview and Level Annotations

Branches:
Dungeon (6/15)             Temple (1/1) D:6

Altars:
Ashenzari
Cheibriados
Dithmenos
Elyvilon
Gozag
Hepliaklqana
Kikubaaqudgha
Makhleb
Nemelex Xobeh
Okawaru
Ru
Sif Muna
Uskayaw
Vehumet
Xom
Yredelemnul
Zin
The Shining One

Shops:
D:5 (

Annotations:
D:3 HopefulHyena's ghost, amateur HOFi
D:4 Robin
D:6 Ladykiller69's ghost, novice FoFi


Innate Abilities, Weirdness & Mutations

You reflexively headbutt those who attack you in melee.
You have a pair of horns on your head.


Message History

You kill the jackal!
Okawaru accepts your kill.
Ladykiller69's ghost (novice Formicid Fighter) comes into view.
Ladykiller69's ghost turns its malevolent gaze towards you.
You see here a jackal corpse.
You butcher the jackal corpse.
D - 5 chunks of flesh (gained 3)
You hit Ladykiller69's ghost but do no damage.
You headbutt Ladykiller69's ghost, but do no damage.
Ladykiller69's ghost misses you.
You barely miss Ladykiller69's ghost. Ladykiller69's ghost hits you.
Your leather armour prevents you from hitting Ladykiller69's ghost.
Ladykiller69's ghost hits you.
You hit Ladykiller69's ghost. You headbutt Ladykiller69's ghost.
Ladykiller69's ghost is lightly damaged.
Ladykiller69's ghost hits you!!
* * * LOW HITPOINT WARNING * * *
As you read the scroll of teleportation, it crumbles to dust.
You feel strangely unstable. Ladykiller69's ghost hits you!
You die...

... #..# ##.#
##.######
#...###......# .#.
#.#..........# ...#
._. #............#
..... #.#
#...#.÷.#.####
.....##.###.......#.#
.....#......#._.#.#.#
...............W@.).#
..............#.....#
..................#.#
...........####.###.#
...........#
#........
........†..#
###......
#..........# ......
#.........## .......
#.........# .....


You could see Ladykiller69's ghost.

Vanquished Creatures
  A centaur skeleton (D:6)
  2 ogres (D:6)
  A bullfrog (D:6)
  A scorpion (D:5)
  A centaur zombie (D:5)
  A jelly (D:6)
  An orc wizard (D:4)
  An iguana (D:6)
  4 worker ants (D:5)
  6 adders
  A worm (D:5)
  3 dart slugs
  A leopard gecko (D:1)
  7 orcs
  9 bats
  A giant cockroach (D:1)
  10 hobgoblins
  3 jackals (D:6)
  9 kobolds
  A quokka (D:5)
  2 ball pythons
  3 frilled lizards (D:1)
  13 goblins
  A leopard gecko zombie (D:5)
  9 rats
  A fungus (D:3)
93 creatures vanquished.

Notes
Turn   | Place    | Note
-------+----------+-------------------------------------------
     0 | D:1      | pib the Minotaur Gladiator began the quest for the Orb.
     0 | D:1      | Reached XP level 1. HP: 18/18 MP: 0/0
   126 | D:1      | Reached skill level 1 in Armour
   242 | D:1      | Reached XP level 2. HP: 25/25 MP: 1/1
   611 | D:1      | Reached XP level 3. HP: 30/30 MP: 2/2
  1143 | D:1      | Reached skill level 4 in Long Blades
  1594 | D:2      | Reached XP level 4. HP: 35/38 MP: 3/3
  1830 | D:3      | Noticed HopefulHyena's ghost (amateur HOFi)
  2088 | D:3      | Found a hazy altar of Hepliaklqana.
  2110 | D:3      | Found a faded altar of an unknown god.
  2317 | D:4      | Noticed a yak
  2320 | D:4      | Noticed a yak
  2322 | D:4      | Noticed a yak
  2546 | D:4      | Noticed an ogre
  2547 | D:4      | Noticed Robin
  2557 | D:5      | Entered Level 5 of the Dungeon
  2563 | D:5      | Reached XP level 5. HP: 24/45 MP: 4/4
  3037 | D:5      | Found Sun Wuriesud's Weapon Boutique.
  3143 | D:5      | Reached skill level 5 in Long Blades
  3382 | D:5      | Found a shimmering altar of Xom.
  3419 | D:5      | Found a shattered altar of Ashenzari.
  3420 | D:5      | Found a hide-covered altar of Uskayaw.
  3422 | D:5      | Found a basalt altar of Yredelemnul.
  3423 | D:5      | Found a sparkling altar of Nemelex Xobeh.
  3424 | D:5      | Found a glowing silver altar of Zin.
  3509 | D:5      | Reached XP level 6. HP: 40/52 MP: 5/5
  3891 | D:6      | Reached skill level 5 in Fighting
  3891 | D:6      | Reached skill level 6 in Long Blades
  3891 | D:6      | Reached skill level 5 in Dodging
  3891 | D:6      | Reached XP level 7. HP: 47/61 MP: 6/6
  3911 | D:6      | Found a radiant altar of Vehumet.
  4013 | D:6      | Reached skill level 5 in Armour
  4020 | D:6      | Found a burning altar of Makhleb.
  4023 | D:6      | Found a staircase to the Ecumenical Temple.
  4053 | Temple   | Entered the Ecumenical Temple
  4117 | Temple   | Became a worshipper of Warmaster Okawaru
  4208 | D:6      | Noticed Ladykiller69's ghost (novice FoFi)
  4216 | D:6      | Slain by Ladykiller69's ghost

Skill      XL: |  1  2  3  4  5  6  7 |
---------------+----------------------+-----
Armour         | 1 2 3 4 5 |  5.1
Long Blades    | 4 5 6 |  6.6
Fighting       | 3 4 5 |  5.6
Dodging        | 4 5 |  5.9
Throwing       | |  2.0

Action                   |  1- 3 |  4- 6 |  7- 9 || total
-------------------------+-------+-------+-------++-------
Melee: Long sword        |    93 |   125 |    23 ||   241
       Headbutt          |    21 |    31 |    11 ||    63
  Use: Scroll            |     4 |     3 |     1 ||     8
  Eat: Chunk             |     2 |     8 |     1 ||    11
Armor: Leather armour    |    27 |    20 |     3 ||    50
Dodge: Dodged            |    58 |    71 |    17 ||   146
       Rpst.: Long sword |    19 |    14 |     3 ||    36
